cohdb
Replays
Latest Replays
All Replays
Popular Replays
Top Player Replays
Match Explorer
How It Works
Community
CoH3 Stats
Reddit
Sign in to upload your games and track your stats! →
Sign in with Steam
Match 42313057
Unlisted
Match 42313057
Overview
Messages
Build Orders
End
Vickers Machine Gun Team
Construct Section Command Post
Infantry Section
Infantry Section
Infantry Section
Grenade Package
Selects Indian Artillery Battlegroup
Selects Towed ML 4.2-inch Heavy Mortar
Towed ML 4.2-inch Heavy Mortar
Construct Platoon Command Post
Selects Valour
Construct Company Command Post
Selects Gurkha Rifles Section
Matilda II Heavy Tank
Selects Off-map Airburst Barrage
Off-map Airburst Barrage
Matilda II Heavy Tank
Royal Engineer Section
Off-map Airburst Barrage
Matilda II Heavy Tank
Matilda II Heavy Tank
Off-map Airburst Barrage
Matilda II Heavy Tank
speirs
Lvl 13 Dwarf Janitor
guludu
Siz
Muki
W
Mustache and Melons
jigsaw
0
0
Comments
sign in to comment!
No comments posted yet!